 Dungeon Crawl Stone Soup version 0.28.0-45-g0d030f2227 (webtiles) character file.

Game seed: 9081056569138693104

19824 MisterFreud the Covert (level 12, -28/145 HPs)
             Began as a Gnoll Delver on May 26, 2022.
             Was a Priest of Trog.
             Annihilated by a komodo dragon (44 damage)
             ... on level 2 of the Lair of Beasts.
             The game lasted 00:18:50 (13637 turns).

MisterFreud the Covert (Gnoll Delver)              Turns: 13637, Time: 00:18:50

Health: -28/145    AC:  9    Str: 13    XL:     12   Next: 73%
Magic:  0/23       EV: 16    Int: 12    God:    Trog [***...]
Gold:   751        SH:  0    Dex: 15    Spells: 26/26 levels left

rFire   . . .      SeeInvis .   n - +2 dagger (elec)
rCold   . . .      Faith    .   j - orb {mayhem}
rNeg    . . .      Spirit   +   o - +0 troll leather armour
rPois   +          Reflect  .   (no helmet)
rElec   .          Harm     .   y - +1 cloak {Will+}
rCorr   .          Rampage  .   i - +0 pair of gloves
Will    +....                   (no boots)
Stlth   ..........              C - amulet of guardian spirit
HPRegen 1.14/turn               l - ring of poison resistance
MPRegen 0.18/turn               m - ring of flight

@: berserking, flying, studying Slings, very quick
A: fangs 1, strong nose, distributed training
a: Renounce Religion, Berserk, Trog's Hand


You were on level 2 of the Lair of Beasts.
You worshipped Trog.
Trog was most pleased with you.
You visited 2 branches of the dungeon, and saw 13 of its levels.

You collected 751 gold pieces.

Inventory:

Hand Weapons
 n - a +2 dagger of electrocution (weapon)
 u - a +4 short sword
 v - the +8 great mace of the Elven Halls {freeze, rElec rN+ Int-5}
   (You found it on level 7 of the Dungeon)

   It freezes those it strikes, dealing additional cold damage.
   It can also slow down cold-blooded creatures.
   Int:       It affects your intelligence (-5).
   rElec:     It insulates you from electricity.
   rN:        It protects you from negative energy.
 M - the +10 war axe of War {venom, rC+}
   (You found it on level 10 of the Dungeon)

   It poisons the flesh of those it strikes.
   rC:        It protects you from cold.
Missiles
 h - 34 poisoned darts (quivered)
 t - 4 datura-tipped darts
 D - 2 boomerangs
 G - 3 boomerangs of dispersal
Armour
 i - a +0 pair of gloves (worn)
 j - an orb of mayhem (worn)
 o - a +0 troll leather armour (worn)
 y - a +1 cloak of willpower (worn)
 F - a +2 plate armour of willpower
 O - +0 acid dragon scales
Jewellery
 l - a ring of poison resistance (left hand)
 m - a ring of flight (right hand)
 B - a ring of fire
 C - an amulet of guardian spirit (around neck)
 P - a ring of ice
Wands
 g - a wand of digging (5)
 s - a wand of iceblast (16)
 H - a wand of acid (2)
 J - a wand of charming (4)
 N - a wand of mindburst (8)
Scrolls
 c - 2 scrolls of fog
 d - 2 scrolls of magic mapping
 e - 4 scrolls of fear
 I - 3 scrolls of teleportation
 K - a scroll of summoning
 L - a scroll of silence
Potions
 a - 2 potions of magic {unknown}
 b - a potion of brilliance {unknown}
 f - 4 potions of haste
 k - 2 potions of berserk rage {unknown}
 p - 6 potions of resistance
 q - 7 potions of curing
 r - 7 potions of flight
 w - 3 potions of mutation {unknown}
 x - a potion of lignification {unknown}
 z - a potion of might {unknown}
 A - a potion of ambrosia {unknown}
 E - 2 potions of heal wounds {unknown}


   Skills:
 + Level 10.1 Fighting
 + Level 8.9 Short Blades
 + Level 7.5 Long Blades
 + Level 7.5 Axes
 + Level 7.5 Maces & Flails
 + Level 7.5 Polearms
 + Level 7.5 Staves
 + Level 10.5 Slings
 + Level 7.5 Bows
 + Level 7.5 Crossbows
 + Level 7.5 Throwing
 + Level 7.5 Armour
 + Level 8.9 Dodging
 + Level 12.1 Stealth
 + Level 7.5 Shields
 + Level 7.5 Unarmed Combat
 + Level 7.5 Spellcasting
 + Level 6.3 Conjurations
 + Level 6.3 Hexes
 + Level 6.3 Summonings
 + Level 6.3 Necromancy
 + Level 6.3 Translocations
 + Level 6.3 Transmutations
 + Level 6.3 Fire Magic
 + Level 6.3 Ice Magic
 + Level 6.3 Air Magic
 + Level 6.3 Earth Magic
 + Level 6.3 Poison Magic
 + Level 8.3 Invocations
 + Level 7.5 Evocations


You had 26 spell levels left.
You didn't know any spells.
Your spell library contained the following spells:

 Spells                   Type           Power      Damage    Failure   Level
 Tukima's Dance           Hex            19%        N/A       4%          3
 Anguish                  Hex/Necr       9%         N/A       14%         4
 Enfeeble                 Hex            9%         N/A       100%        7


Dungeon Overview and Level Annotations

Branches:
Dungeon (11/15)            Temple (0/1) D:6            Lair (2/6) D:8
  Swamp: Lair:2-4    Shoals: Lair:2-4     Snake: Lair:2-4    Spider: Lair:2-4
    Orc: D:9-12

Altars:
Nemelex Xobeh
Okawaru
Qazlal
Trog
Uskayaw
Wu Jian
Xom
Zin

Annotations:
Lair:2 sking99's ghost, journeyman DrVM


Innate Abilities, Weirdness & Mutations

You have very sharp teeth.
Your uncanny sense of smell can sniff out nearby items.
Your experience applies equally to all skills.


Message History

The helpless death yak fails to defend itself.
You perforate the death yak like a sieve!!!!
You kill the death yak!
Trog accepts your kill.
The helpless black mamba fails to defend itself.
You skewer the black mamba like a kebab!!!!
Lightning courses through the black mamba!
You kill the black mamba!
Trog accepts your kill.
The komodo dragon hisses angrily.
The komodo dragon flies into a frenzy!
Unknown command.
Unknown command.
Press: ? - help, v - describe, . - travel, g - get item
Here: a komodo dragon (fast, strong, frenzied and insane) Item here: a death yak corpse.
The floor, spattered with blood.
The komodo dragon bites you!!!
The komodo dragon hisses angrily.
The komodo dragon bites you!! The komodo dragon bites you!
* * * LOW HITPOINT WARNING * * *
A red film seems to cover your vision as you go berserk!
You feel yourself moving faster!
You feel mighty! The komodo dragon bites you!!!
* * * LOW HITPOINT WARNING * * *
You puncture the komodo dragon!
The komodo dragon is moderately wounded.
The komodo dragon bites you but does no damage.
You hit the komodo dragon but do no damage.
The komodo dragon is moderately wounded.
You puncture the komodo dragon! Your bite misses the komodo dragon.
The komodo dragon is heavily wounded.
The komodo dragon closely misses you.
You barely miss the komodo dragon.
The komodo dragon is heavily wounded.
You hit the komodo dragon.
The komodo dragon is severely wounded.
The komodo dragon bites you!!!
You die...

....#.# ♣.♣.♣ #..# ......#
♣...♣ #..# ......# ..... #..#
......# ###.## #####..####
.##...# ..####...#.....#####
#.##..# #.†'.♣.#.#......#.
####..# ∆+:.†#.♣.#.........# #
##.# ######.♣.#.......... #
#..# #..@l....#.......... ##.#
######.########..........
##.#♣♣....♣.♣....♣♣#..........
#..#♣....♣.♣.♣....♣#..........
##.#.....♣♣♣♣♣.....#..........
#.#♣...†♣.♣.♣....♣# ........#
#.#♣♣....♣.♣....♣♣ ..>....
#.#######...##### ..###..
#................ ##


You could see a neutral komodo dragon (fast, strong, insane).

Vanquished Creatures
  3 hydras (D:7)
  A boulder beetle (D:11)
  2 two-headed ogres
  A death yak (Lair:2)
  An ugly thing (D:11)
  A cyclops (D:10)
  3 black mambas (Lair:2)
  Joseph (D:10)
  A gargoyle (D:7)
  A kobold demonologist (D:11)
  A rime drake (Lair:1)
  2 komodo dragons
  A troll (D:9)
  5 blink frogs (Lair:1)
  A hornet (D:7)
  Sigmund (D:2)
  3 shadows
  2 vampires
  17 yaks
  2 wyverns
  2 basilisks (Lair:1)
  4 steam dragons
  5 vampire mosquitoes
  2 acid dragons (D:11)
  16 water moccasins
  An orc warrior (D:8)
  2 ice beasts
  2 sky beasts
  4 necrophages
  4 ogres
  A centaur (D:9)
  Blork the orc (D:5)
  4 kobold brigands
  2 gnoll sergeants
  4 bullfrogs
  A wyvern zombie (D:8)
  A wyvern skeleton (D:7)
  A water moccasin skeleton (D:4)
  2 howler monkeys (D:7)
  6 centaur zombies
  4 jellies
  A bullfrog zombie (D:3)
  A centaur skeleton (D:5)
  An orc priest (D:2)
  Crazy Yiuf (D:5)
  3 hounds
  2 iguanas
  4 orc wizards
  2 killer bee zombies (D:7)
  2 hound skeletons (D:5)
  Robin (D:3)
  28 adders
  8 gnolls
  3 white imps
  An ufetubus (D:5)
  4 worms
  6 dart slugs
  23 orcs
  5 ball pythons
  8 endoplasms
  3 giant cockroaches
  18 goblins
  13 hobgoblins
  3 jackals (D:3)
  5 quokkas
  6 bats
  A frilled lizard (D:2)
  10 kobolds
  4 rats
286 creatures vanquished.

Vanquished Creatures (collateral kills)
  2 yaks (Lair:2)
2 creatures vanquished.

Vanquished Creatures (others)
  An orc (D:8)
  7 plants
8 creatures vanquished.

Grand Total: 296 creatures vanquished

Notes
Turn   | Place    | Note
-------+----------+-------------------------------------------
     0 | D:5      | Reached skill level 9 in Stealth
     0 | D:5      | MisterFreud the Gnoll Delver began the quest for the Orb.
     0 | D:5      | Reached XP level 1. HP: 23/23 MP: 1/1
    28 | D:5      | Reached XP level 2. HP: 17/29 MP: 2/2
    28 | D:5      | Reached XP level 3. HP: 21/35 MP: 3/3
   188 | D:5      | Noticed an ogre
   237 | D:4      | Reached skill level 1 in Long Blades
   237 | D:4      | Reached skill level 1 in Axes
   237 | D:4      | Reached skill level 1 in Maces & Flails
   237 | D:4      | Reached skill level 1 in Polearms
   237 | D:4      | Reached skill level 1 in Staves
   237 | D:4      | Reached skill level 1 in Slings
   237 | D:4      | Reached skill level 1 in Bows
   237 | D:4      | Reached skill level 1 in Crossbows
   237 | D:4      | Reached skill level 1 in Throwing
   237 | D:4      | Reached skill level 1 in Armour
   237 | D:4      | Reached skill level 1 in Shields
   237 | D:4      | Reached skill level 1 in Unarmed Combat
   237 | D:4      | Reached skill level 1 in Spellcasting
   237 | D:4      | Reached skill level 1 in Invocations
   237 | D:4      | Reached skill level 1 in Evocations
   237 | D:4      | Reached XP level 4. HP: 16/41 MP: 3/5
   471 | D:4      | Reached skill level 1 in Conjurations
   471 | D:4      | Reached skill level 1 in Hexes
   471 | D:4      | Reached skill level 1 in Summonings
   471 | D:4      | Reached skill level 1 in Necromancy
   471 | D:4      | Reached skill level 1 in Translocations
   471 | D:4      | Reached skill level 1 in Transmutations
   471 | D:4      | Reached skill level 1 in Fire Magic
   471 | D:4      | Reached skill level 1 in Ice Magic
   471 | D:4      | Reached skill level 1 in Air Magic
   471 | D:4      | Reached skill level 1 in Earth Magic
   471 | D:4      | Reached skill level 1 in Poison Magic
   683 | D:4      | Reached XP level 5. HP: 47/47 MP: 6/6
   993 | D:3      | Noticed Robin
  1003 | D:3      | Killed Robin
  1339 | D:2      | Noticed Sigmund
  1346 | D:2      | Killed Sigmund
  1347 | D:2      | Reached skill level 5 in Short Blades
  1347 | D:2      | Reached skill level 5 in Dodging
  1347 | D:2      | Reached XP level 6. HP: 53/53 MP: 7/9
  2203 | D:1      | Identified a scroll of acquirement
  2203 | D:1      | Acquired a manual of Slings
  2303 | D:2      | Reached XP level 7. HP: 9/59 MP: 10/10
  2895 | D:2      | Found a faded altar of an unknown god.
  2904 | D:2      | Prayed at the altar of an unknown god.
  2904 | D:2      | Became a worshipper of Trog the Wrathful
  2904 | D:2      | Reached * piety under Trog
  3717 | D:4      | Reached skill level 10 in Stealth
  3982 | D:5      | Reached XP level 8. HP: 56/67 MP: 12/12
  4235 | D:6      | Found a hide-covered altar of Uskayaw.
  4235 | D:6      | Found a stormy altar of Qazlal.
  4236 | D:6      | Found a sparkling altar of Nemelex Xobeh.
  4246 | D:6      | Found an ornate altar of the Wu Jian Council.
  4246 | D:6      | Found a glowing silver altar of Zin.
  4315 | D:6      | Found a shimmering altar of Xom.
  4327 | D:6      | Reached ** piety under Trog
  4613 | D:6      | Found a staircase to the Ecumenical Temple.
  4794 | D:5      | Noticed Blork the orc
  4801 | D:5      | Killed Blork the orc
  5209 | D:5      | Found a runed translucent door.
  5210 | D:5      | Noticed Crazy Yiuf
  5216 | D:5      | Killed Crazy Yiuf
  5421 | D:6      | Found an iron altar of Okawaru.
  5494 | D:6      | Reached skill level 5 in Slings
  5494 | D:6      | Reached XP level 9. HP: 73/73 MP: 14/14
  5792 | D:7      | Found a bloodstained altar of Trog.
  6172 | D:7      | Noticed a two-headed ogre
  6172 | D:7      | Noticed a hornet
  6190 | D:7      | Killed a hornet
  6191 | D:7      | Reached skill level 5 in Invocations
  6205 | D:7      | Noticed an eight-headed hydra
  6220 | D:7      | Noticed a six-headed hydra
  6221 | D:7      | Killed a two-headed ogre
  6222 | D:7      | Reached XP level 10. HP: 56/80 MP: 7/17
  6225 | D:7      | Killed an eight-headed hydra
  6226 | D:7      | Reached skill level 5 in Long Blades
  6226 | D:7      | Reached skill level 5 in Axes
  6226 | D:7      | Reached skill level 5 in Maces & Flails
  6226 | D:7      | Reached skill level 5 in Polearms
  6226 | D:7      | Reached skill level 5 in Staves
  6226 | D:7      | Reached skill level 5 in Bows
  6226 | D:7      | Reached skill level 5 in Crossbows
  6226 | D:7      | Reached skill level 5 in Throwing
  6226 | D:7      | Reached skill level 5 in Armour
  6226 | D:7      | Reached skill level 5 in Shields
  6226 | D:7      | Reached skill level 5 in Unarmed Combat
  6226 | D:7      | Reached skill level 5 in Spellcasting
  6226 | D:7      | Reached skill level 5 in Evocations
  6289 | D:7      | Noticed a five-headed hydra
  6295 | D:7      | Killed a five-headed hydra
  6296 | D:7      | Reached skill level 11 in Stealth
  6362 | D:7      | Identified the +8 great mace of the Elven Halls {freeze,
                  | rElec rN+ Int-5}
  6365 | D:7      | Noticed a gargoyle
  6385 | D:7      | Killed a gargoyle
  6391 | D:7      | Killed a six-headed hydra
  6440 | D:7      | Identified the +2 scythe of Huzui {elec, rF+}
  7032 | D:8      | Found a staircase to the Lair.
  7085 | D:8      | Reached *** piety under Trog
  7261 | D:8      | Reached XP level 11. HP: 59/87 MP: 11/19
  8020 | D:9      | Noticed a two-headed ogre
  8042 | D:9      | Killed a two-headed ogre
  8043 | D:9      | Reached skill level 5 in Conjurations
  8043 | D:9      | Reached skill level 5 in Hexes
  8043 | D:9      | Reached skill level 5 in Summonings
  8043 | D:9      | Reached skill level 5 in Necromancy
  8043 | D:9      | Reached skill level 5 in Translocations
  8043 | D:9      | Reached skill level 5 in Transmutations
  8043 | D:9      | Reached skill level 5 in Fire Magic
  8043 | D:9      | Reached skill level 5 in Ice Magic
  8043 | D:9      | Reached skill level 5 in Air Magic
  8043 | D:9      | Reached skill level 5 in Earth Magic
  8043 | D:9      | Reached skill level 5 in Poison Magic
  9131 | D:10     | Entered Level 10 of the Dungeon
  9154 | D:10     | Noticed a cyclops
  9168 | D:10     | Killed a cyclops
  9470 | D:10     | Noticed a two-headed ogre
  9504 | D:10     | Noticed Joseph
  9543 | D:10     | Killed Joseph
  9802 | D:10     | Identified the +1 robe of Resilience {Dex+4 SInv}
 10283 | D:10     | Identified the +10 war axe of War {venom, rC+}
 10573 | D:11     | Noticed a boulder beetle
 10653 | D:11     | Noticed a purple ugly thing
 10668 | D:11     | Killed a purple ugly thing
 10814 | D:11     | Killed a boulder beetle
 11561 | Lair:1   | Entered Level 1 of the Lair of Beasts
 11716 | Lair:1   | Reached XP level 12. HP: 51/96 MP: 6/22
 12260 | Lair:1   | Reached skill level 10 in Slings
 12616 | Lair:1   | Reached skill level 12 in Stealth
 13154 | Lair:2   | Reached skill level 10 in Fighting
 13386 | Lair:2   | Noticed sking99's ghost (journeyman DrVM)
 13623 | Lair:2   | Noticed a death yak
 13625 | Lair:2   | Killed a death yak
 13637 | Lair:2   | Annihilated by a komodo dragon

Illustrated notes

Levels and vault maps discovered:
D:1:      matt_arrival_los_fun, layout_rooms, minmay_misc_feat_rugged
D:2:      layout_loops_ring, hellmonk_ecumenical_altar_prayer_group,
          serial_bayou_pond_d, kennysheep_generic_room_3, uniq_sigmund
D:3:      layout_loops_cross, gup_sewer_entry_bowl, uniq_robin
D:4:      layout_loops_cross, st_stairs_7
D:5:      cheibrodos_helix_gallery, layout_basic, guppyfry_early_lair_pool,
          uniq_crazy_yiuf_cottage, uniq_blork_the_orc
D:6:      layout_loops_corners, mainiacjoe_overflow_large_starburst,
          chequers_temple_overflow_statue_of_worship,
          mainiacjoe_overflow_alcove_2, lemuel_temple_firewalk_b
D:7:      minmay_the_grid_octo_triangle [minmay_the_grid_octo_fat_diamond,
          minmay_the_grid_octo_prize_square_snowflake,
          minmay_the_grid_octo_pinwheel], layout_basic, lemuel_tele_altar
D:8:      layout_basic, david_lair_shrubbed, kennysheep_generic_room_4
D:9:      layout_basic
D:10:     layout_loops_cross, serial_co_window_serial, co_window_paths_b,
          co_window_corner_a, co_window_corner_a, co_window_corner_a,
          co_window_paths_b, co_window_cross_3, co_window_broadway_b,
          co_window_corner_b, co_window_unsneaky_path_d, co_window_corner_cb,
          co_window_corner_b, co_window_corner_ca, co_window_paths_d,
          glass_columns_b, glass_columns_a, uniq_joseph
D:11:     layout_gridville, ebering_ghost_rock_garden
Lair:1:   lemuel_reptile_caves, layout_long_grid, grunt_megastairs_4
Lair:2:   nzn_winding_woodlands_small [nzn_winding_woodlands_5x15_parted,
          nzn_winding_woodlands_center_lodge,
          nzn_winding_woodlands_5x15_concentric], layout_cave_pods,
          gammafunk_ghost_arena

Skill      XL: |  1  2  3  4  5  6  7  8  9 10 11 12 |
---------------+-------------------------------------+-----
Stealth        | 10 11 12 | 12.1
Long Blades    | 1 2 3 4 5 6 7 |  7.5
Axes           | 1 2 3 4 5 6 7 |  7.5
Maces & Flails | 1 2 3 4 5 6 7 |  7.5
Polearms       | 1 2 3 4 5 6 7 |  7.5
Staves         | 1 2 3 4 5 6 7 |  7.5
Slings         | 1 2 3 5 6 8 9 10 | 10.5
Bows           | 1 2 3 4 5 6 7 |  7.5
Crossbows      | 1 2 3 4 5 6 7 |  7.5
Throwing       | 1 2 3 4 5 6 7 |  7.5
Armour         | 1 2 3 4 5 6 7 |  7.5
Shields        | 1 2 3 4 5 6 7 |  7.5
Unarmed Combat | 1 2 3 4 5 6 7 |  7.5
Spellcasting   | 1 2 3 4 5 6 7 |  7.5
Invocations    | 1 2 3 4 5 6 7 8 |  8.3
Evocations     | 1 2 3 4 5 6 7 |  7.5
Conjurations   | 1 2 3 4 5 6 |  6.3
Hexes          | 1 2 3 4 5 6 |  6.3
Summonings     | 1 2 3 4 5 6 |  6.3
Necromancy     | 1 2 3 4 5 6 |  6.3
Translocations | 1 2 3 4 5 6 |  6.3
Transmutations | 1 2 3 4 5 6 |  6.3
Fire Magic     | 1 2 3 4 5 6 |  6.3
Ice Magic      | 1 2 3 4 5 6 |  6.3
Air Magic      | 1 2 3 4 5 6 |  6.3
Earth Magic    | 1 2 3 4 5 6 |  6.3
Poison Magic   | 1 2 3 4 5 6 |  6.3
Short Blades   | 5 6 7 8 |  8.9
Dodging        | 5 6 7 8 |  8.9
Fighting       | 7 8 9 10 | 10.1

Action                   |  1- 3 |  4- 6 |  7- 9 | 10-12 || total
-------------------------+-------+-------+-------+-------++-------
Melee: Short sword       |    19 |    21 |       |       ||    40
       Bite              |     1 |    22 |    35 |   131 ||   189
       Dagger            |       |   178 |   331 |   893 ||  1402
       Punch             |       |     3 |     7 |    44 ||    54
Invok: Berserk           |       |       |     1 |    13 ||    14
       Trog's Hand       |       |       |       |     6 ||     6
Evoke: Wand              |       |       |       |     4 ||     4
  Use: Scroll            |       |     2 |     4 |     6 ||    12
 Stab: Sleeping          |       |    15 |    26 |    13 ||    54
       Distracted        |       |     1 |     1 |     1 ||     3
Armor: Leather armour    |     9 |    44 |       |       ||    53
       Troll leather arm |       |       |    45 |   152 ||   197
Dodge: Dodged            |    21 |    96 |   151 |   486 ||   754
